 Dungeon Crawl Stone Soup version 0.27-a0-1230-gfc7c993222 (webtiles) character file.

Game seed: 3557328770243205462

17817 Delamore the Impaler (level 12, -17/86 HPs)
             Began as a Formicid Fighter on June 8, 2021.
             Was the Champion of Cheibriados.
             Demolished by an orc knight
             ... wielding a +0 war axe
              (26 damage)
             ... on level 2 of the Orcish Mines.
             The game lasted 00:13:44 (8599 turns).

Delamore the Impaler (Formicid Fighter)             Turns: 8599, Time: 00:13:45

Health: -17/86     AC: 18    Str: 41    XL:     12   Next: 87%
Magic:  16/16      EV:  7    Int: 23    God:    Cheibriados [******]
Gold:   975        SH: 14    Dex: 25    Spells: 11/11 levels left

rFire    . . .     SeeInvis +   y - +3 halberd (freeze)
rCold    . . .     Faith    .   c - +0 kite shield
rNeg     + . .     Spirit   .   H - +0 plate armour
rPois    .         Reflect  .   (helmet unavailable)
rElec    .         Harm     .   (no cloak)
rCorr    .         Rampage  .   z - +0 pair of gloves
Will     +....                  i - +1 pair of boots
Stlth    ..........             t - amulet of regeneration
HPRegen  1.24/turn              g - ring of positive energy
MPRegen  0.15/turn              x - +4 ring of protection

@: mighty, studying Shields, very slow
A: permanent stasis, dig shafts and tunnels, antennae 3, four strong arms
a: Dig, Shaft Self, Renounce Religion, Bend Time, Temporal Distortion, Slouch,
Step From Time


You were on level 2 of the Orcish Mines.
You worshipped Cheibriados.
Cheibriados was exalted by your worship.
You visited 2 branches of the dungeon, and saw 10 of its levels.

You collected 1101 gold pieces.
You spent 126 gold pieces at shops.

Inventory:

Hand Weapons
 a - a +0 trident
 h - a +0 halberd of venom
 y - a +3 halberd of freezing (weapon)
 J - a +3 halberd
 K - a +3 bardiche of venom
 N - a +0 glaive
Missiles
 f - 21 boomerangs (quivered)
 j - 32 poisoned darts
 p - a curare-tipped dart
 D - 3 atropa-tipped darts
 O - 3 boomerangs of dispersal
Armour
 b - a +0 scale mail
 c - a +0 kite shield (worn)
 i - a +1 pair of boots (worn)
 z - a +0 pair of gloves (worn)
 H - a +0 plate armour (worn)
Jewellery
 g - a ring of positive energy (left hand)
 t - an amulet of regeneration (around neck)
 x - a +4 ring of protection (right hand)
 E - a ring of resist corrosion
 F - a ring of wizardry
 G - an amulet of faith
Wands
 s - a wand of polymorph (17)
 B - a wand of digging (8)
 L - a wand of flame (16)
Scrolls
 r - a scroll of fear
 A - a scroll of amnesia
 I - a scroll of magic mapping
Potions
 k - a potion of mutation
 l - a potion of magic {unknown}
 m - a potion of flight {unknown}
 n - 2 potions of brilliance
 o - a potion of resistance {unknown}
 q - 4 potions of curing
 u - a potion of lignification {unknown}
 v - a potion of berserk rage {unknown}
 w - a potion of ambrosia {unknown}
 C - 2 potions of invisibility
 M - a potion of degeneration


   Skills:
 - Level 5.0 Fighting
 - Level 16.0 Polearms
 + Level 8.8 Throwing
 - Level 3.2 Armour
 - Level 7.0 Shields
 + Level 6.1 Invocations


You had 11 spell levels left.
You didn't know any spells.
Your spell library contained the following spells:

 Spells                   Type           Power      Damage    Failure   Level
 Animate Skeleton         Necr           0%         N/A       80%         1
 Pain                     Necr           0%         1d4       80%         1
 Vampiric Draining        Necr           0%         2d6       99%         3
 Animate Dead             Necr           0%         N/A       100%        4
 Agony                    Necr           0%         N/A       100%        5


Dungeon Overview and Level Annotations

Branches:
Dungeon (9/15)               Lair (0/6) D:9             Orc (2/2) D:9
    Elf (0/3) Orc:2
 Temple: D:4-7

Altars:
Cheibriados
Elyvilon
Ru
Trog
Wu Jian
Yredelemnul
Beogh

Shops:
D:8 =   Orc:1 !


Innate Abilities, Weirdness & Mutations

You cannot be hasted, slowed, berserked, paralysed or teleported.
You can dig through walls and to a lower floor.
You have a pair of large antennae on your head. (SInv)
Your four strong arms can wield two-handed weapons with a shield.


Message History

You stick the orc knight like a pincushion!!!
You freeze the orc knight.
You kill the orc knight!
Cheibriados thoroughly appreciates the change of pace.
The orc no longer looks unusually strong.
The orc knight unwields a +0 arbalest.
The orc knight wields a +0 great sword.
You block the orc knight's attack.
The orc knight roars a battlecry!
The orc goes into a battle-frenzy!
The orc knight hits you but does no damage.
Items here: )))))))))))))))))))))))))))) [[[[[[[[[[[[[[ ÷÷÷÷ ††††.
The orc knight hits you with a +0 great sword!
You closely miss the orc knight.
The orc knight hits you with a +0 great sword!
You slash the orc knight! You freeze the orc knight.
The orc knight is lightly wounded.
The orc knight hits you but does no damage.
Okay, then.
You puncture the orc knight! You freeze the orc knight.
The orc knight is moderately wounded.
You block the orc knight's attack.
You impale the orc knight!! You freeze the orc knight.
The orc knight is severely wounded.
The orc knight no longer looks unusually strong.
You slice the orc knight!! You freeze the orc knight!
You kill the orc knight!
Cheibriados appreciates the change of pace.
Your Invocations skill increases to level 6!
You closely miss the orc knight.
The orc knight hits you with a +0 war axe.
You impale the orc knight!! You freeze the orc knight.
The orc knight is moderately wounded.
You slash the orc knight! You freeze the orc knight.
The orc knight is heavily wounded.
The orc knight hits you with a +0 war axe!!
* * * LOW HITPOINT WARNING * * *
You puncture the orc knight! You freeze the orc knight!
The orc knight is almost dead.
The orc knight hits you with a +0 war axe!!
You die...

.{## { ...# { { ...# { ...
.#############
.......#..##.#####
......o){.#){{{#@# ###
..)...)o.....{#o## ###
##.### ......))#....####
####.###....###
........##....#
##.#...###.....#
.......#####.##
#....{...###....
......###.#.##
###^...#....#....# ......
#.....###......#...###..##
......
##...###....#.##.....#....
......
#...#....................


You could see an orc knight (strong).

Vanquished Creatures
  A hydra (D:9)
  An ogre mage (Orc:2)
  3 two-headed ogres
  2 orc high priests (Orc:2)
  Pikel (D:7)
  6 orc knights (Orc:2)
  An orc sorcerer (Orc:2)
  A cyclops (Orc:1)
  Joseph (D:8)
  3 trolls (Orc:1)
  Prince Ribbit (D:7)
  A vampire (D:7)
  A human (D:8)
  7 yaks (D:9)
  A wraith (D:9)
  4 hogs (D:8)
  A warg (Orc:2)
  A water moccasin (D:8)
  A hornet zombie (D:9)
  24 orc warriors
  A necrophage (D:4)
  A black bear (D:9)
  6 ogres
  5 centaurs
  2 lemures (D:7)
  2 kobold brigands
  A phantom (D:7)
  3 bullfrogs
  Blork the orc (D:5)
  2 scorpions (D:9)
  A water moccasin skeleton (D:5)
  9 killer bees (D:8)
  2 wyvern skeletons (D:7)
  9 wights
  A howler monkey (D:7)
  A lava snake (D:8)
  A centaur zombie (D:9)
  A gnoll shaman (D:7)
  2 hounds
  A bullfrog skeleton (D:7)
  17 orc priests
  2 iguanas
  A scorpion zombie (D:5)
  12 orc wizards
  8 gnolls
  8 adders
  A shadow imp (D:7)
  An ufetubus (D:5)
  3 worms
  3 dart slugs
  51 orcs
  5 endoplasms
  A giant cockroach (D:3)
  8 goblins
  9 hobgoblins
  6 jackals
  3 quokkas
  12 ball pythons
  8 bats
  4 frilled lizards
  18 kobolds
  9 rats
  A spectral orc (D:3)
305 creatures vanquished.

Vanquished Creatures (others)
  An orc (Orc:2)
  11 fungi (D:9)
  19 plants (D:9)
31 creatures vanquished.

Grand Total: 336 creatures vanquished

Notes
Turn   | Place    | Note
-------+----------+-------------------------------------------
     0 | D:1      | Delamore the Formicid Fighter began the quest for the Orb.
     0 | D:1      | Reached XP level 1. HP: 18/18 MP: 1/1
   150 | D:1      | Reached XP level 2. HP: 9/24 MP: 2/2
   527 | D:1      | Reached XP level 3. HP: 12/30 MP: 3/3
   530 | D:1      | Reached skill level 3 in Polearms
  1025 | D:1      | Found a faded altar of an unknown god.
  1034 | D:1      | Became a worshipper of Cheibriados the Contemplative
  1034 | D:1      | Reached * piety under Cheibriados
  1550 | D:2      | Reached XP level 4. HP: 37/37 MP: 4/4
  1609 | D:2      | Reached ** piety under Cheibriados
  2018 | D:2      | Found a white marble altar of Elyvilon.
  2458 | D:3      | Reached skill level 4 in Polearms
  2466 | D:3      | Reached XP level 5. HP: 21/43 MP: 5/5
  3240 | D:3      | Reached *** piety under Cheibriados
  3325 | D:3      | Found a basalt altar of Yredelemnul.
  3679 | D:4      | Reached XP level 6. HP: 33/49 MP: 6/6
  3689 | D:3      | Reached skill level 5 in Polearms
  3815 | D:4      | Noticed a necrophage
  3825 | D:4      | Killed a necrophage
  3826 | D:4      | Reached skill level 5 in Fighting
  3854 | D:4      | Reached skill level 6 in Polearms
  3854 | D:4      | Reached XP level 7. HP: 56/56 MP: 7/7
  3858 | D:4      | Identified a scroll of acquirement
  3858 | D:4      | Acquired a manual of Shields
  4291 | D:4      | Reached **** piety under Cheibriados
  4462 | D:5      | Entered Level 5 of the Dungeon
  4534 | D:5      | Found a snail-covered altar of Cheibriados.
  4586 | D:5      | Noticed Blork the orc
  4614 | D:4      | Reached skill level 5 in Shields
  4631 | D:5      | Killed Blork the orc
  4632 | D:5      | Reached skill level 7 in Polearms
  4665 | D:5      | Found a sacrificial altar of Ru.
  4694 | D:5      | Reached XP level 8. HP: 52/62 MP: 8/8
  4859 | D:5      | You fall into a shaft and drop 2 floors!
  4911 | D:7      | Noticed Pikel
  4927 | D:7      | Killed Pikel
  4928 | D:7      | Reached skill level 9 in Polearms
  4970 | D:7      | Reached XP level 9. HP: 67/68 MP: 9/9
  5001 | D:7      | Noticed Prince Ribbit
  5018 | D:7      | Killed Prince Ribbit
  5018 | D:7      | Reached ***** piety under Cheibriados
  5019 | D:7      | Reached skill level 10 in Polearms
  5561 | D:8      | Reached skill level 11 in Polearms
  5563 | D:8      | Identified the +6 scale mail of the Dungeon {Harm Str+3
                  | Dex-4 SInv}
  5587 | D:8      | Identified the +3 leather armour "Hecua" {Harm rN+ Will-}
  5906 | D:8      | Reached XP level 10. HP: 74/74 MP: 10/10
  5907 | D:8      | Reached skill level 12 in Polearms
  5967 | D:8      | Reached skill level 1 in Throwing
  6174 | D:8      | Noticed Joseph
  6182 | D:8      | Killed Joseph
  6183 | D:8      | Reached skill level 13 in Polearms
  6397 | D:8      | Found Bybuquo's Jewellery Boutique.
  6468 | D:9      | Noticed a four-headed hydra
  6472 | D:9      | Noticed a two-headed ogre
  6478 | D:9      | Killed an eight-headed hydra
  6486 | D:9      | Killed a two-headed ogre
  6487 | D:9      | Reached XP level 11. HP: 39/79 MP: 7/11
  6637 | D:9      | Reached skill level 1 in Invocations
  6753 | D:9      | Reached skill level 5 in Throwing
  6783 | D:9      | Acquired a +3 bardiche of venom
  6792 | D:9      | Found a staircase to the Lair.
  6869 | D:9      | Identified the +1 ring mail of Dadanan {Rampage rCorr Str-4
                  | Stlth+}
  6906 | D:9      | Reached ****** piety under Cheibriados
  6911 | D:9      | Reached skill level 14 in Polearms
  6938 | D:9      | Found a bloodstained altar of Trog.
  7078 | D:9      | Found an ornate altar of the Wu Jian Council.
  7098 | D:9      | Found a staircase to the Orcish Mines.
  7357 | Orc:1    | Entered Level 1 of the Orcish Mines
  7408 | Orc:1    | Found Qakuuc's Distillery.
  7441 | Orc:1    | Bought a potion of degeneration for 14 gold pieces
  7441 | Orc:1    | Bought a potion of invisibility for 112 gold pieces
  7729 | Orc:1    | Noticed a cyclops
  7735 | Orc:1    | Killed a cyclops
  7930 | Orc:2    | Entered Level 2 of the Orcish Mines
  7976 | Orc:2    | Found a staircase to the Elven Halls.
  8138 | Orc:2    | Noticed an orc knight
  8149 | Orc:2    | Noticed an orc sorcerer
  8150 | Orc:2    | Killed an orc knight
  8151 | Orc:2    | Reached skill level 5 in Invocations
  8155 | Orc:2    | Killed an orc sorcerer
  8156 | Orc:2    | Reached XP level 12. HP: 63/86 MP: 15/15
  8208 | Orc:2    | Reached skill level 15 in Polearms
  8346 | Orc:2    | Noticed a two-headed ogre
  8347 | Orc:2    | Noticed a two-headed ogre
  8348 | Orc:2    | Noticed an ogre mage
  8355 | Orc:2    | Killed a two-headed ogre
  8363 | Orc:2    | Killed a two-headed ogre
  8382 | Orc:2    | Killed an ogre mage
  8481 | Orc:2    | Noticed an orc high priest
  8515 | Orc:2    | Killed an orc high priest
  8528 | Orc:2    | Noticed an orc high priest
  8533 | Orc:2    | Killed an orc high priest
  8568 | Orc:2    | Reached skill level 16 in Polearms
  8599 | Orc:2    | Demolished by an orc knight

Illustrated notes

Levels and vault maps discovered:
D:1:      lightli_molten_gateway, layout_basic,
          chequers_ecumenical_altar_simple_redux, st_stairs_10,
          minmay_small_reverse_x
D:2:      layout_loops_cross, basic_altar
D:3:      layout_loops_ring, yredelemnul_forgotten_temple_becter,
          kennysheep_donut, minmay_fountain_box, minmay_surrounded
D:4:      layout_loops_ring
D:5:      layout_basic, old_standard_altar, kennysheep_mini, lemuel_tele_altar,
          marbit_many_paths, minivault_24, uniq_blork_the_orc
D:7:      layout_basic, minivault_1, uniq_pikel, uniq_prince_ribbit1
D:8:      layout_basic, serial_shops, shop, grunt_livestock,
          kennysheep_cluttered_room, nrook_campfire, uniq_joseph
D:9:      layout_layer_cave, kennysheep_little_box,
          lemuel_coloured_pillars_altar, grunt_lair_entry_orc_guard_hut
Orc:1:    layout_caves, serial_shops, nicolae_shop_trees, basic_altar
Orc:2:    st_orc_pillars, layout_caves, special_room, mines1_david

Skill      XL: |  1  2  3  4  5  6  7  8  9 10 11 12 |
---------------+-------------------------------------+-----
Polearms       | 3 4 6 7 9 11 13 14 16 | 16.0
Fighting       | 4 5 |  5.0
Shields        | 6 7 |  7.0
Throwing       | 4 6 8 |  8.8
Invocations    | 5 6 |  6.1
Armour         | |  3.2

Action                   |  1- 3 |  4- 6 |  7- 9 | 10-12 || total
-------------------------+-------+-------+-------+-------++-------
Melee: Trident           |   117 |   178 |     2 |       ||   297
       Halberd           |       |       |   191 |   399 ||   590
Throw: Boomerang         |       |       |    32 |    81 ||   113
Invok: Bend Time         |       |       |       |     1 ||     1
 Abil: Dig               |       |     1 |     1 |     1 ||     3
  Use: Scroll            |       |     3 |    12 |     2 ||    17
       Potion            |       |       |       |     2 ||     2
Armor: Scale mail        |    58 |   111 |    55 |    20 ||   244
       Plate armour      |       |       |       |    77 ||    77
Dodge: Dodged            |    40 |    68 |    60 |    67 ||   235
Block: Kite shield       |    70 |   137 |   128 |   209 ||   544

Table legend: (Time is in decaauts)
 A = Elapsed time spent in this place.
 B = Non-inter-level travel time spent in this place.
 C = Inter-level travel time spent in this place.
 D = Time resting spent in this place.
 E = Time spent auto-exploring this place.
 F = Levels seen in this place.
 G = Mean time per level.
                   A        B        C        D        E       F      G
               +--------+--------+--------+--------+--------+-----+--------+
         Total |  12590 |  11757 |    833 |   1056 |   8551 |  10 | 1259.0 |
       Dungeon |  10635 |  10022 |    613 |    997 |   7411 |   8 | 1329.4 |
  Orcish Mines |   1955 |   1735 |    220 |     59 |   1140 |   2 |  977.5 |
               +--------+--------+--------+--------+--------+-----+--------+

Top non-repeatable levels by time:
     D:3: 1784 daAuts
     D:8: 1669 daAuts
     D:9: 1559 daAuts
     D:1: 1521 daAuts
     D:2: 1421 daAuts
   Orc:1: 1179 daAuts
     D:4: 1079 daAuts
     D:7: 990 daAuts
   Orc:2: 776 daAuts
     D:5: 609 daAuts
